 Dungeon Crawl Stone Soup version 0.24.1 (webtiles) character file.

Game seed: 8788711727774601760, levelgen mode: deterministic

79 Destapler the Grave Robber (level 4, -10/36 HPs)
             Began as a Deep Dwarf Necromancer on Mar 29, 2020.
             Killed by divine providence
             ... invoked by an orc priest
              (16 damage)
             ... on level 3 of the Dungeon.
             The game lasted 00:07:29 (1474 turns).

Destapler the Grave Robber (Deep Dwarf Necromancer) Turns: 1474, Time: 00:07:29

Health: -10/36     AC:  6    Str: 12    XL:     4   Next: 17%
Magic:  2/7        EV: 13    Int: 15    God:
Gold:   106        SH:  0    Dex: 14    Spells: 3/7 levels left

rFire    . . .     SeeInvis .   i - +0 dagger (venom)
rCold    . . .     Gourm    .   (no shield)
rNeg     . . .     Faith    .   a - +0 robe
rPois    .         Spirit   .   (no helmet)
rElec    .         Reflect  .   u - +0 cloak
rCorr    .         Harm     .   p - +2 pair of gloves
MR       .....                  (no boots)
Stlth    ++........             (no amulet)
HPRegen  0.00/turn              (no ring)
MPRegen  0.10/turn              (no ring)

@: non-regenerating, lightly drained
A: damage resistance, heal wounds, sense surroundings 1, no regeneration
a: Heal Wounds


You were on level 3 of the Dungeon.
You were not hungry.

You visited 1 branch of the dungeon, and saw 3 of its levels.

You collected 106 gold pieces.

Inventory:

Hand Weapons
 i - a +0 dagger of venom (weapon)
Missiles
 h - 35 stones (quivered)
 n - 11 poisoned darts
 o - 8 atropa-tipped darts
Armour
 a - a +0 robe (worn)
 p - a +2 pair of gloves (worn)
 u - a +0 cloak (worn)
Scrolls
 e - 2 scrolls of blinking {unknown}
 g - 5 scrolls of identify {unknown}
 j - a scroll of enchant armour {unknown}
 q - a scroll of fog {unknown}
 r - a scroll of noise {unknown}
Potions
 b - a potion of lignification {unknown}
 d - 3 potions of might {unknown}
 f - a potion of curing {unknown}
 l - a potion of mutation {unknown}
 m - a potion of ambrosia {unknown}
 s - a potion of agility {unknown}
 t - a potion of heal wounds {unknown}
Comestibles
 c - 5 rations
 k - 6 chunks of flesh


   Skills:
 + Level 3.1(2.6) Dodging
 + Level 3.5(3.0) Stealth
 + Level 2.3(1.8) Spellcasting
 + Level 4.9(4.4) Necromancy


You had 3 spell levels left.
You knew the following spells:

 Your Spells              Type           Power        Failure   Level  Hunger
a - Pain                  Necr           ##..         3%          1    ##.....
V - Vampiric Draining     Necr           ##........   11%         3    ####...

Your spell library contained the following spells:

 Spells                   Type           Power        Failure   Level  Hunger
 Animate Skeleton         Necr           N/A          3%          1    ##.....
 Animate Dead             Necr           N/A          36%         4    #####..
 Regeneration             Chrm/Necr      Unusable     N/A         3    N/A

Dungeon Overview and Level Annotations

Branches:
Dungeon (3/15)

Altars:
Ashenzari


Innate Abilities, Weirdness & Mutations

You are resistant to damage.
You can heal yourself by infusing magical energy.
You passively map a small area around you.
You do not regenerate.


Message History

You hear a shout!
You barely miss the orc.
The orc priest calls upon Beogh to heal the orc.
The orc's wounds heal themselves!
The orc barely misses you.
You barely miss the orc. The orc hits you.
You hit the orc.
The orc looks as sick as possible!
The orc is heavily wounded.
You kill the orc!
The orc priest calls down the wrath of Beogh upon you.
Pain shoots through your body!
* * * LOW HITPOINT WARNING * * *
Casting: Vampiric Draining (safe; 11% risk of failure)
Confirm with . or Enter, or press ? or * to list all spells.
Aiming: Pain (safe; 3% risk of failure)
Press: ? - help, Shift-Dir - straight line, f - orc priest
Aim: an orc priest, wielding a +0 hand axe (chance to defeat MR: 72%)
The orc priest writhes in agony.
The orc priest invokes the aid of Beogh against you.
Beogh smites you!
You die...

. , ,.# * >
######... ,
, , ,,
,........#
* * , ,,
#...o.or#
#.# , *
*#....oo..*
, #.# * #o#
#.#.# *,
#[#, ,,
#.#.# * #@#
, , * #.#.#
, * #.#
#.#.# **
#.#* * ,
#.#.# #.# *
#...####
#.# * * **
#......#
#.#
......<#
####.# * *
.#####.##
#....# .#
#...#
#.####


You could see an orc priest.

Vanquished Creatures
  4 adders
  3 leopard geckos
  7 orcs (D:3)
  4 giant cockroaches
  4 hobgoblins
  3 kobolds
  6 bats
  A goblin (D:2)
  A rat (D:2)
33 creatures vanquished.

Notes
Turn   | Place    | Note
-------+----------+-------------------------------------------
     0 | D:1      | Destapler the Deep Dwarf Necromancer began the quest for
                  | the Orb.
     0 | D:1      | Reached XP level 1. HP: 15/15 MP: 3/3
   587 | D:1      | Reached XP level 2. HP: 11/22 MP: 4/4
   874 | D:2      | Reached XP level 3. HP: 23/28 MP: 6/6
   884 | D:2      | Learned a level 3 spell: Vampiric Draining
   927 | D:2      | Found a shattered altar of Ashenzari.
  1417 | D:3      | Reached XP level 4. HP: 35/36 MP: 0/7
  1474 | D:3      | Killed from afar by an orc priest

Levels and vault maps discovered:
D:1:      kilobyte_arrival_exit_the_forest, layout_loops_ring
D:2:      layout_basic, lemuel_crystal_altar, interstate_on_off, hex_large
D:3:      layout_loops_ring, nicolae_overflow_hidden_temple, first_ration,
          uniq_crazy_yiuf_cottage

Skill      XL: |  1  2  3 |
---------------+----------+-----
Spellcasting   | 2 |  2.3
Stealth        | 3 |  3.5
Dodging        | 3 |  3.1
Necromancy     | |  4.9

Action                   |  1- 3 |  4- 6 || total
-------------------------+-------+-------++-------
Melee: Unarmed           |    38 |       ||    38
       Dagger            |    71 |    18 ||    89
 Cast: Pain              |     5 |     1 ||     6
       Vampiric Draining |     6 |     1 ||     7
 Abil: Heal Wounds       |     2 |       ||     2
 Stab: Sleeping          |     2 |       ||     2
  Eat: Chunk             |     2 |     1 ||     3
Armor: Robe              |    30 |     3 ||    33
Dodge: Dodged            |   101 |    10 ||   111
